[Event "Late-Titled-Tuesday-Blitz-March-05-2024"]
[Site "Chess.com"]
[Date "2024.03.05"]
[Round "4"]
[White "lamomiajunior"]
[Black "Perecke"]
[Result "1-0"]
[WhiteElo "2717"]
[BlackElo "2541"]
[TimeControl "180+1"]
[EndTime "14:38:05 PST"]
[Termination "lamomiajunior won on time"]

1. d4 Nf6 2. c4 e6 3. Nc3 d5 4. cxd5 exd5 5. Bg5 Be7 6. e3 O-O 7. Bd3 Re8 8. Qc2 h6 9. Bf4 c5 10. dxc5 Nc6 11. a3 d4 12. Rd1 dxc3 13. Bh7+ Nxh7 14. Rxd8 Rxd8 15. Qxc3 Nf6 16. Qc2 Nd5 17. Bg3 Bg4 18.
Ne2 Ndb4 19. axb4 Nxb4 20. Qb3 Nd3+ 21. Kf1 Nxc5 22. Qc2 Rac8 23. f3 Nd3 24. Nc3 Be6 25.
h4 Bf6 26. Kg1 Nxb2 27. Qxb2 Rxc3 28. Qxb7 Rxe3 29. Kh2 a5 30. Qb6 Ra3 31. Re1 Ra2 32.
Rxe6 Rdd2 33. Re8+ Kh7 34. Qb1+ g6 35. h5 Rxg2+ 36.
Kh3 Rgb2 37. hxg6+ fxg6 38. Qd3 Bg7 39. Qd5 h5 40. Bf4 1-0

[Event "Late-Titled-Tuesday-Blitz-March-05-2024"]
[Site "Chess.com"]
[Date "2024.03.05"]
[Round "4"]
[White "rionelG"]
[Black "katharinareinecke"]
[Result "1-0"]
[WhiteElo "2217"]
[BlackElo "1983"]
[TimeControl "180+1"]
[EndTime "14:38:07 PST"]
[Termination "rionelG won by resignation"]

1. e4 c6 2. d4 d5 3. Nc3 b5 4. exd5 b4 5. Nce2 cxd5 6. Bd2 e6 7.
Nf3 Nc6 8. Ng3 Nf6 9. Bd3 Bd6 10. O-O O-O 11. Re1 a5 12. Bg5 h6 13. Bh4 g5 14. Nxg5 hxg5 15. Bxg5 Be7 16. Bxf6 Bxf6 17. Qh5 Re8 18. Qh7+ Kf8 19. Nh5 Nxd4 20. Qh6+ Ke7 21.
Qxf6+ Kd7 22. Qxd4 Kc7 23. c3 Qg5 24. Qc5+ Kb8 25.
Qb5+ Ka7 26. Qxe8 Bb7 27. Qb5 d4 28. Qxg5 1-0

[Event "Late-Titled-Tuesday-Blitz-March-05-2024"]
[Site "Chess.com"]
[Date "2024.03.05"]
[Round "4"]
[White "SEBAZZANO"]
[Black "StrackedAktonamee"]
[Result "0-1"]
[WhiteElo "2314"]
[BlackElo "2497"]
[TimeControl "180+1"]
[EndTime "14:38:08 PST"]
[Termination "StrackedAktonamee won on time"]

1. d4 d5 2. Bf4 c5 3. e4 cxd4 4. Qxd4 dxe4 5. Qxd8+ Kxd8 6. Nc3 Bd7 7. Nxe4 Bc6 8.
O-O-O+ Nd7 9. Ng5 Ke8 10. N5f3 Ngf6 11. Nd4 e5 12. Nxc6 bxc6 13. Bg3 Bc5 14. Nf3 Ne4 15.
Bc4 Bxf2 16. Rhf1 Bxg3 17. hxg3 f6 18. g4 Ke7 19. g5 Nd6 20. Bb3 Nc5 21. gxf6+ gxf6 22. Nh4 a5 23. a4 Nxb3+ 24. cxb3 Rab8 25. Kc2 Rhg8 0-1

[Event "Late-Titled-Tuesday-Blitz-March-05-2024"]
[Site "Chess.com"]
[Date "2024.03.05"]
[Round "4"]
[White "GMAkobianSTL"]
[Black "xakevicius91"]
[Result "1-0"]
[WhiteElo "2811"]
[BlackElo "2577"]
[TimeControl "180+1"]
[EndTime "14:38:09 PST"]
[Termination "GMAkobianSTL won on time"]

1. d4 Nf6 2. c4 e6 3. Nc3 Bb4 4. Nf3 O-O 5. Bg5 c5 6. d5 Bxc3+ 7. bxc3 d6 8. Nd2 h6 9. Bh4 Nbd7 10. e4 Qe7 11. Be2 b6 12. O-O g5 13. Bg3 e5 14.
Re1 Kg7 15. Qc2 Rg8 16. Nf1 Nf8 17. Ne3 Ng6 18. a4 h5 19. f3 Nf4 20. Bf1 a5 21.
Rab1 Rb8 22. Rb2 Bd7 23. Reb1 Qd8 24. Bf2 g4 25. fxg4 Nxg4 26. Nxg4 hxg4 27. Be3 Ng6 28.
g3 Rh8 29. Bd3 Rh3 30. Rf1 Nh4 31. Be2 f5 32. exf5 Nf3+ 33. Bxf3 gxf3 34. Rxf3 Qf6 35. Qe4 Rbh8 36. Rff2 Kf7 37. Rxb6 Ke7 38. Bxc5 R8h4 39. gxh4 Rxh4 40. Bxd6+ Ke8 41. Qxe5+ Qxe5 42. Bxe5 1-0

[Event "Late-Titled-Tuesday-Blitz-March-05-2024"]
[Site "Chess.com"]
[Date "2024.03.05"]
[Round "4"]
[White "Ajedrez_con_German"]
[Black "jcibarra"]
[Result "0-1"]
[WhiteElo "2587"]
[BlackElo "2933"]
[TimeControl "180+1"]
[EndTime "14:38:10 PST"]
[Termination "jcibarra won by resignation"]

1. d4 Nf6 2. Nf3 g6 3. e3 Bg7 4. Be2 O-O 5. O-O c5 6. b3 cxd4 7. Nxd4 d5 8. Bb2 Re8 9. Nf3 Nc6 10. c4 e5 11. cxd5 Nxd5 12. Bc4 Be6 13. Bxd5 Bxd5 14. Nc3 e4 15. Qxd5 Qxd5 16. Nxd5 Bxb2 17. Rab1 Bg7 18. Nd4 Nxd4 19. exd4 Rad8 20. Ne3 Bxd4 21. Rfd1 Kg7 22. Kf1 Bc5 23. Ke2 f5 24. g3 Kf6 25.
Rbc1 b6 26. h4 Ke6 27. a3 Rxd1 28. Rxd1 Bxe3 29. Kxe3 Rc8 0-1

[Event "Late-Titled-Tuesday-Blitz-March-05-2024"]
[Site "Chess.com"]
[Date "2024.03.05"]
[Round "4"]
[White "djano"]
[Black "aceontheturn"]
[Result "0-1"]
[WhiteElo "2565"]
[BlackElo "2793"]
[TimeControl "180+1"]
[EndTime "14:38:12 PST"]
[Termination "aceontheturn won by resignation"]

1. e4 e6 2. b3 d5 3. Bb2 Nc6 4. d3 d4 5. Nd2 e5 6. Ngf3 f6 7.
g3 Be6 8. Bg2 Nge7 9. O-O g5 10.
h4 h6 11. a3 Qd7 12. b4 Bg4 13. Qe1 Ng6 14. h5 Bxh5 15. b5 Nd8 16. a4 Bg4 17. Nh2 Bh3 18. Qe2 h5 19. c3 Bxg2 20. Kxg2 Ne6 21.
Kh1 dxc3 22. Bxc3 Rd8 23. Qf3 Kf7 24. Nc4 Qxd3 25. Rac1 Qxf3+ 26. Nxf3 g4 27. Nh2 h4 28. Nxg4 hxg3+ 29. Kg1 g2 30. Kxg2 Ngf4+ 31. Kg1 Ne2+ 32. Kg2 N6f4+ 0-1

[Event "Late-Titled-Tuesday-Blitz-March-05-2024"]
[Site "Chess.com"]
[Date "2024.03.05"]
[Round "4"]
[White "terrortoast"]
[Black "Burgsvik"]
[Result "1/2-1/2"]
[WhiteElo "2513"]
[BlackElo "2363"]
[TimeControl "180+1"]
[EndTime "14:38:15 PST"]
[Termination "Game drawn - insufficient material"]

1. d4 c5 2. d5 d6 3. Nc3 g6 4. e4 Bg7 5. Nf3 Na6 6. Bc4 Nc7 7. a4 Bd7 8. Qe2 a6 9. a5 Nb5 10. Bd2 Nd4 11. Nxd4 cxd4 12. Na4 Bxa4 13. Rxa4 Nh6 14. O-O Qd7 15. Rb4 O-O 16. h3 f5 17.
exf5 Rxf5 18. Bd3 Re5 19. Qd1 Rf8 20. f4 Rh5 21. Be2 Rh4 22. Qe1 Nf5 23. Bg4 Bf6 24.
Qe4 Rxg4 25. hxg4 Ng3 26. Qe6+ Qxe6 27. dxe6 Nxf1 28. Kxf1 Rc8 29. c4 dxc3 30. Bxc3 Bxc3 31. bxc3 Rxc3 32. Rxb7 Kf8 33. Rb8+ Kg7 34. g5 Re3 35. Rb6 Rxe6 36. Rxa6 h6 37. gxh6+ Kxh6 38. Kf2 Re4 39. Kf3 Ra4 40. Ra7 e5 41. fxe5 dxe5 42. a6 Kg5 43.
Ra8 e4+ 44. Ke3 Kg4 45. a7 g5 46. g3 Kxg3 47. Rg8 Rxa7 48. Rxg5+ Kh4 49. Re5 Ra4 50.
Rxe4+ Rxe4+ 51. Kxe4 1/2-1/2

[Event "Late-Titled-Tuesday-Blitz-March-05-2024"]
[Site "Chess.com"]
[Date "2024.03.05"]
[Round "4"]
[White "MathiasWomacka"]
[Black "HanSchut"]
[Result "1-0"]
[WhiteElo "2542"]
[BlackElo "2328"]
[TimeControl "180+1"]
[EndTime "14:38:16 PST"]
[Termination "MathiasWomacka won by resignation"]

1. e4 c5 2. Nf3 d6 3. d4 cxd4 4. Nxd4 Nf6 5. Nc3 g6 6. Be3 Bg7 7. f3 O-O 8. Qd2 Nc6 9. O-O-O d5 10. exd5 Nxd5 11. Nxc6 bxc6 12. Bd4 e5 13. Bc5 Be6 14. Ne4 Re8 15. h4 h6 16. g4 Nf4 17. Qxd8 Rexd8 18. Ba6 Rdb8 19. b3 Bf8 20. Bxf8 Kxf8 21. Nc5 Rb6 22. Rhe1 f6 23. Nxe6+ Nxe6 24. Bc4 Nd4 25. f4 Nf3 26. Re3 Nxh4 27. fxe5 f5 28. Rh3 g5 29. gxf5 Kg7 30. Rd7+ Kh8 31. f6 Rf8 32. Rhd3 Rbb8 33.
Rxa7 Rbd8 34. Rxd8 Rxd8 35. e6 1-0

[Event "Late-Titled-Tuesday-Blitz-March-05-2024"]
[Site "Chess.com"]
[Date "2024.03.05"]
[Round "4"]
[White "vladoboch"]
[Black "arenal72"]
[Result "0-1"]
[WhiteElo "2442"]
[BlackElo "2648"]
[TimeControl "180+1"]
[EndTime "14:38:17 PST"]
[Termination "arenal72 won on time"]

1. e4 Nc6 2. Nf3 d6 3. d4 Nf6 4.
Nc3 g6 5. Be3 Bg7 6. Qd2 a6 7.
Bh6 O-O 8. h4 Bg4 9. Be2 Bxf3 10.
Bxf3 e5 11. d5 Nd4 12. h5 Nxf3+ 13. gxf3 Nxh5 14. O-O-O Nf4 15. Bxf4 exf4 16. Qxf4 Qf6 17.
Qh2 h5 18. f4 b5 19. Rdg1 b4 20. Nd1 Rfe8 21. f3 a5 22. Kb1 a4 23. f5 b3 24.
cxb3 axb3 25. fxg6 fxg6 26. axb3 Qxf3 27. Qg2 Qd3+ 28.
Qc2 Ra1+ 29. Kxa1 Qxc2 0-1

[Event "Late-Titled-Tuesday-Blitz-March-05-2024"]
[Site "Chess.com"]
[Date "2024.03.05"]
[Round "4"]
[White "MikeSailer"]
[Black "Midgardsormur"]
[Result "0-1"]
[WhiteElo "2187"]
[BlackElo "2459"]
[TimeControl "180+1"]
[EndTime "14:38:18 PST"]
[Termination "Midgardsormur won on time"]

1. d4 Nf6 2. Nf3 e6 3. Bf4 c5 4. e3 d5 5. Nc3 cxd4 6. exd4 a6 7. a3 Nc6 8. Bd3 Bd6 9. Qd2 Qc7 10. Bxd6 Qxd6 11. O-O O-O 12. Rfe1 b5 13. Ne2 Rb8 14. c3 a5 15. Ne5 Ne7 16. Ng3 Qc7 17. f4 Nf5 18.
Nxf5 exf5 19. Rac1 Be6 20. Re3 Rfc8 21. Bb1 b4 22.
axb4 axb4 23. h3 bxc3 24. Rexc3 Qb7 25. Rxc8+ Rxc8 26. Rxc8+ Qxc8 27. Qc3 Qb8 28. b4 g6 29. Qc5 Nd7 30. Nxd7 Bxd7 31. Bd3 Qxf4 32. b5 Qe3+ 33.
Kh1 Qxd3 34. b6 Qa6 0-1

[Event "Late-Titled-Tuesday-Blitz-March-05-2024"]
[Site "Chess.com"]
[Date "2024.03.05"]
[Round "4"]
[White "Harsha_Bharathakoti"]
[Black "K_A_S_T_O_R"]
[Result "0-1"]
[WhiteElo "2960"]
[BlackElo "2820"]
[TimeControl "180+1"]
[EndTime "14:38:20 PST"]
[Termination "K_A_S_T_O_R won by resignation"]

1. Nf3 c5 2. c4 Nf6 3. g3 b6 4. Bg2 Bb7 5. O-O e6 6. Nc3 a6 7. d4 cxd4 8. Qxd4 d6 9. Rd1 Nbd7 10. b3 Be7 11. Bb2 O-O 12. Ng5 Bxg2 13. Kxg2 Qc7 14. Nce4 Rad8 15. Qe3 h6 16. Nxf6+ Bxf6 17. Bxf6 Nxf6 18.
Nf3 Qb7 19. Rac1 b5 20. c5 Nd5 21. Qd4 dxc5 22. Qxc5 Rc8 23. Qd4 b4 24. Rxc8 Rxc8 25. Rd2 a5 26. h4 Rc3 27. Qe5 Qc6 28. Kh2 Qc7 29. Qxc7 Rxc7 30. Ne5 f6 31. Nc4 a4 32. e4 Nc3 33. e5 Kf7 34. Kg2 Ke7 35. exf6+ gxf6 36. Ne3 a3 37. h5 Rd7 38. Rc2 f5 39. Kf3 Rd3 40. Kg2 Kf6 41. Nc4 e5 42. Nxa3 bxa3 0-1

[Event "Late-Titled-Tuesday-Blitz-March-05-2024"]
[Site "Chess.com"]
[Date "2024.03.05"]
[Round "4"]
[White "Alphafischer2019"]
[Black "WindWhistler11"]
[Result "1-0"]
[WhiteElo "2728"]
[BlackElo "2546"]
[TimeControl "180+1"]
[EndTime "14:38:21 PST"]
[Termination "Alphafischer2019 won on time"]

1. e4 e6 2. d4 d5 3. Nd2 Nf6 4. e5 Nfd7 5. Ngf3 c5 6. c3 Nc6 7. Bd3 cxd4 8. cxd4 f6 9. exf6 Qxf6 10. O-O Bd6 11. Re1 O-O 12. Bxh7+ Kh8 13. Nb3 e5 14. Bg5 Qf7 15. Be3 Nf6 16. Ng5 Qc7 17. Bg6 e4 18. h3 Ne7 19. Nf7+ Kg8 20. Nxd6 Nxg6 21. Nxc8 Raxc8 22. Rc1 Qd6 23. Qe2 a6 24. Nc5 Rc7 25.
Rc3 Ne7 26. Qd2 Nh5 27. Bg5 Qg6 28. Nxe4 Rxc3 29. Nxc3 Nc6 30. Nxd5 Kh7 31. h4 Qd6 32.
Qd3+ Kh8 33. Ne7 Nxd4 34. Ng6+ Kg8 35. Nxf8 1-0

[Event "Late-Titled-Tuesday-Blitz-March-05-2024"]
[Site "Chess.com"]
[Date "2024.03.05"]
[Round "4"]
[White "WilsonPalencia21"]
[Black "becemix"]
[Result "0-1"]
[WhiteElo "2566"]
[BlackElo "2461"]
[TimeControl "180+1"]
[EndTime "14:38:25 PST"]
[Termination "becemix won on time"]

1. d4 Nf6 2. c4 e6 3. Nf3 Bb4+ 4. Nbd2 O-O 5. a3 Be7 6. e4 d6 7. Qc2 Nc6 8. b4 e5 9. dxe5 Nxe5 10. Nxe5 dxe5 11.
Bb2 a5 12. c5 axb4 13. a4 Nd7 14. Nb3 Re8 15. Qc4 b6 16. c6 Nc5 17. Rd1 Bd6 18.
Nxc5 bxc5 19. Qc2 Be6 20. Bb5 c4 21. Bxe5 Bxe5 22. Rxd8 Rexd8 23. Ke2 b3 24. Qc1 c3 25.
Rd1 c2 26. Rxd8+ Rxd8 27. Bd3 Rb8 28. Bxc2 bxc2 29. Qxc2 Rb2 30. Qxb2 Bxb2 31. Kd3 Bc8 0-1

[Event "Late-Titled-Tuesday-Blitz-March-05-2024"]
[Site "Chess.com"]
[Date "2024.03.05"]
[Round "4"]
[White "Sjakkerntobi"]
[Black "Fh2411"]
[Result "1-0"]
[WhiteElo "2498"]
[BlackElo "2641"]
[TimeControl "180+1"]
[EndTime "14:38:26 PST"]
[Termination "Sjakkerntobi won by resignation"]

1. e4 c6 2. Nc3 d5 3. Nf3 dxe4 4. Nxe4 Nf6 5. Qe2 Nxe4 6. Qxe4 Qa5 7. Qf4 Bf5 8. b4 Qd5 9. Bc4 Qe4+ 10. Qxe4 Bxe4 11.
Bxf7+ Kxf7 12. Ng5+ Kg6 13. Nxe4 Nd7 14. O-O e6 15. Rb1 h6 16. d3 Be7 17. Re1 Rhe8 18. Be3 Kf7 19. Bf4 Rad8 20. b5 c5 21. a4 Nb6 22. a5 Nd5 23. Bd2 Rc8 24. c4 Nf6 25. Bf4 Red8 26. Rbd1 Rd7 27. Be3 b6 28. a6 Rcd8 29.
Nxf6 Bxf6 30. Kf1 Rxd3 31. Ke2 Rc3 32. Rc1 Rdd3 33. Red1 Rxc1 34. Rxd3 Ke8 35. Bxc1 1-0

[Event "Late-Titled-Tuesday-Blitz-March-05-2024"]
[Site "Chess.com"]
[Date "2024.03.05"]
[Round "4"]
[White "wadsy27"]
[Black "Vse_po_kaify"]
[Result "1-0"]
[WhiteElo "2637"]
[BlackElo "2406"]
[TimeControl "180+1"]
[EndTime "14:38:26 PST"]
[Termination "wadsy27 won by resignation"]

1. Nf3 Nf6 2. g3 g6 3. Bg2 Bg7 4. O-O O-O 5. c4 d6 6. Nc3 e5 7. d3 c6 8. b4 Re8 9. Bg5 Na6 10. Rb1 Nc7 11. b5 d5 12. Nd2 h6 13. Bxf6 Bxf6 14. Qa4 e4 15. Rfc1 exd3 16. bxc6 bxc6 17. exd3 Bf5 18.
Qxc6 Bxd3 19. Rb7 Bxc3 20. Rxc3 Re1+ 21. Nf1 Bxf1 22. Bxf1 Rc8 23. cxd5 Rd1 24. Rxc7 1-0

[Event "Late-Titled-Tuesday-Blitz-March-05-2024"]
[Site "Chess.com"]
[Date "2024.03.05"]
[Round "4"]
[White "OverallStranger"]
[Black "Slovak_fighter2000"]
[Result "0-1"]
[WhiteElo "2377"]
[BlackElo "2633"]
[TimeControl "180+1"]
[EndTime "14:38:26 PST"]
[Termination "Slovak_fighter2000 won by resignation"]

1. e4 c5 2. Nc3 a6 3. g3 e6 4. Bg2 Nc6 5. d3 b5 6. Nh3 Bb7 7. O-O Nf6 8. f4 d5 9. e5 Nd7 10. f5 Ndxe5 11. fxe6 fxe6 12. Nf4 Qd6 13. Bh3 Nd4 14.
Be3 Nf5 15. Bxf5 exf5 16. d4 Ng4 17. dxc5 Nxe3 18. cxd6 Nxd1 19. Raxd1 Bxd6 20. Ncxd5 Bc5+ 21. Kg2 O-O 22. Ne6 Rfc8 23. Kh3 Rc6 24. Nxc5 Rxc5 25.
Rxf5 Bxd5 26. Rdxd5 Rxc2 27. Rd7 Rf8 28. Rxf8+ Kxf8 29. Ra7 Rxb2 30. Rxa6 h6 31. g4 Kf7 32. Kg3 Rb4 33.
Ra3 Kf6 34. Kf3 Kg5 35. h3 Kh4 36. Kg2 Rb2+ 37. Kh1 b4 38. Rb3 Rxb3 39. axb3 Kxh3 40. g5 hxg5 41. Kg1 g4 42. Kf2 g3+ 43. Kg1 g2 44.
Kf2 Kh2 0-1

[Event "Late-Titled-Tuesday-Blitz-March-05-2024"]
[Site "Chess.com"]
[Date "2024.03.05"]
[Round "4"]
[White "aranibos"]
[Black "shirovin"]
[Result "0-1"]
[WhiteElo "2268"]
[BlackElo "2062"]
[TimeControl "180+1"]
[EndTime "14:38:26 PST"]
[Termination "shirovin won by resignation"]

1. d4 Nf6 2. c3 d5 3. Bg5 g6 4. Nd2 Bg7 5. Bxf6 exf6 6. e3 O-O 7. Bd3 f5 8. h4 h5 9. Ngf3 Nd7 10. Qb3 Nf6 11.
Ne5 Ng4 12. Nxg4 fxg4 13. O-O-O a5 14. e4 dxe4 15. Nxe4 a4 16. Qc2 Be6 17. Kb1 Qd5 18. c4 Qxd4 19. Ng5 Qf6 20. Nxe6 Qxe6 21. Rhe1 Qf6 22.
g3 a3 23. Re2 axb2 24. Qxb2 Qxb2+ 25. Rxb2 Bxb2 26. Kxb2 Rad8 27. Kc2 Rd6 28. Rb1 Rfd8 29. Rb3 b6 30. a4 Kg7 31. Kd2 Kf6 32. Ke3 Ke5 33. c5 Rxd3+ 34. Rxd3 Rxd3+ 35. Kxd3 Kd5 36. cxb6 cxb6 37. Kc3 Kc5 38. Kb3 f6 39. Kc3 g5 40.
Kd3 gxh4 41. gxh4 Kb4 42. Ke4 Kxa4 43. Kf5 b5 44. Kxf6 b4 45. Kg5 b3 46. Kxh5 b2 47.
Kxg4 b1=Q 48. f4 Qg6+ 49. Kf3 Kb4 0-1

[Event "Late-Titled-Tuesday-Blitz-March-05-2024"]
[Site "Chess.com"]
[Date "2024.03.05"]
[Round "4"]
[White "Mikhal867"]
[Black "kids2010"]
[Result "0-1"]
[WhiteElo "2489"]
[BlackElo "2808"]
[TimeControl "180+1"]
[EndTime "14:38:27 PST"]
[Termination "kids2010 won on time"]

1. d4 d5 2. c4 e6 3. Nf3 Nf6 4. g3 Bb4+ 5. Bd2 Be7 6. Bg2 O-O 7. O-O c6 8. Qc2 Nbd7 9. b3 b6 10. Bc3 Ba6 11. Bb2 Rc8 12. Rd1 Ne4 13. Nfd2 f5 14. Nc3 Ndf6 15. Rac1 Ng4 16. Rf1 Bg5 17. Nf3 Bxc1 18.
Qxc1 Nxc3 19. Qxc3 Nf6 20. Ne5 Nd7 21. Nd3 Qe7 22. Rc1 Bb7 23. c5 Ba6 24. Nf4 g5 25. Nd3 Bxd3 26. Qxd3 b5 27. f3 Nf6 28. Rf1 h6 29.
Bc1 Qg7 30. Kh1 Rce8 31. f4 Ne4 32. Bxe4 dxe4 33. Qc3 Rd8 34. Be3 Rd7 35. Qb4 Rfd8 36. a4 a6 37. Qc3 Kh7 38. Qa5 Ra8 39. Qb6 Rc7 40. fxg5 hxg5 41. Bxg5 Qd7 42. Bf4 Rb7 43. Qa5 Qxd4 44. Bd6 bxa4 45. bxa4 Qe3 46. Qe1 Rb2 0-1

[Event "Late-Titled-Tuesday-Blitz-March-05-2024"]
[Site "Chess.com"]
[Date "2024.03.05"]
[Round "4"]
[White "Vesapesa"]
[Black "KetiTsatsalashvili"]
[Result "0-1"]
[WhiteElo "2236"]
[BlackElo "2467"]
[TimeControl "180+1"]
[EndTime "14:38:27 PST"]
[Termination "KetiTsatsalashvili won by checkmate"]

1. e4 c5 2. Nf3 d6 3. d4 cxd4 4. Qxd4 Nc6 5. Bb5 Bd7 6. Qd3 h6 7. c4 Nf6 8. Nc3 e6 9. O-O Be7 10. h3 O-O 11. Be3 a6 12. Bxc6 bxc6 13. Nd4 c5 14. Nde2 Qc7 15. Ng3 Bc6 16. Rad1 Rfd8 17. f4 Rab8 18. b3 d5 19. cxd5 exd5 20. exd5 Nxd5 21.
Nxd5 Bxd5 22. Qxa6 c4 23. Rc1 Ra8 24. Qb6 Qxb6 25. Bxb6 Rdb8 26. bxc4 Bxc4 27. Rxc4 Rxb6 28. a4 Rb2 29. Nf5 Bd8 30. Rd1 Ra2 31. Kh2 Bf6 32. Rc7 R2xa4 33. Rdd7 Rxf4 34. Ne7+ Bxe7 35. Rxe7 Ra2 36.
Kg3 Rff2 37. Kh4 g6 38. g4 Ra3 39. g5 Rf4# 0-1

[Event "Late-Titled-Tuesday-Blitz-March-05-2024"]
[Site "Chess.com"]
[Date "2024.03.05"]
[Round "4"]
[White "sotochess"]
[Black "KorolDimitriy75"]
[Result "1-0"]
[WhiteElo "2582"]
[BlackElo "2423"]
[TimeControl "180+1"]
[EndTime "14:38:28 PST"]
[Termination "sotochess won on time"]

1. e4 c5 2. Nf3 d6 3. d4 cxd4 4.
Nxd4 Nf6 5. f3 g6 6. c4 Bg7 7.
Nc3 O-O 8. Be3 Nc6 9. Nc2 a5 10. Qd2 Nd7 11. Be2 Nc5 12. O-O a4 13. Rac1 Qa5 14. Na3 Be6 15. Rfd1 Rfc8 16. Bf1 Qb4 17. h3 Kf8 18. Bh6 Na5 19. Rc2 Bxh6 20. Qxh6+ Kg8 21. f4 Bxc4 22. Nxc4 Nxc4 23. Nd5 Ne3 24. Nxb4 Nxd1 25. Nd5 Re8 26. f5 Rac8 27. f6 e6 28. Ne7+ 1-0

[Event "Late-Titled-Tuesday-Blitz-March-05-2024"]
[Site "Chess.com"]
[Date "2024.03.05"]
[Round "4"]
[White "czasnaszachy"]
[Black "Malev212"]
[Result "1-0"]
[WhiteElo "2443"]
[BlackElo "2619"]
[TimeControl "180+1"]
[EndTime "14:38:31 PST"]
[Termination "czasnaszachy won by resignation"]

1. d4 g6 2. c4 Bg7 3. g3 c5 4. d5 d6 5. Nc3 Bxc3+ 6. bxc3 e5 7. h4 h6 8. h5 g5 9. e4 f5 10. exf5 Bxf5 11. Qb3 Qe7 12. Rb1 b6 13. Bh3 g4 14.
Bg2 Nf6 15. Ne2 Nbd7 16. Be3 O-O-O 17. Rb2 Kc7 18. Qa4 Kb8 19. Nc1 Nf8 20. Nb3 Bd7 21. Qa3 Ka8 22. O-O Nxh5 23. Rfb1 Ng6 24. Nxc5 Bf5 25.
Rxb6 Bxb1 26. Rb7 Qxb7 27. Nxb7 Kxb7 28. Qxa7+ Kc8 29. Bb6 1-0

[Event "Late-Titled-Tuesday-Blitz-March-05-2024"]
[Site "Chess.com"]
[Date "2024.03.05"]
[Round "4"]
[White "Penafiel-Josselyne02"]
[Black "jactorres"]
[Result "1-0"]
[WhiteElo "2053"]
[BlackElo "2261"]
[TimeControl "180+1"]
[EndTime "14:38:31 PST"]
[Termination "Penafiel-Josselyne02 won on time"]

1. d4 Nf6 2. c4 e6 3. Nf3 b6 4. g3 Bb7 5. Bg2 Be7 6. O-O O-O 7. d5 exd5 8. Nh4 c6 9. cxd5 Nxd5 10. e4 Nc7 11. Nf5 d5 12. Qg4 Bf6 13. Nc3 d4 14. Rd1 Bc8 15. Bh6 Bxf5 16. exf5 Nd7 17. f4 dxc3 18. Bxc6 Qe7 19. Rxd7 Qc5+ 20. Kf1 cxb2 21. Rb1 Qxc6 22. Re7 Qh1+ 23. Kf2 Qxb1 24. Bxg7 Qc2+ 25. Re2 Qc5+ 26. Kg2 Qd5+ 27. Kh3 Bxg7 28. f6 Qd7 29. f5 Qxf5 30. Qxf5 1-0

[Event "Late-Titled-Tuesday-Blitz-March-05-2024"]
[Site "Chess.com"]
[Date "2024.03.05"]
[Round "4"]
[White "Jesseinkman"]
[Black "BabageldiAnnaberdiyev"]
[Result "0-1"]
[WhiteElo "2477"]
[BlackElo "2630"]
[TimeControl "180+1"]
[EndTime "14:38:34 PST"]
[Termination "BabageldiAnnaberdiyev won by checkmate"]

1. e4 e6 2. d4 d5 3. exd5 exd5 4. Nf3 Bd6 5. Bd3 Nc6 6. O-O Bg4 7. Re1+ Nge7 8. c3 Qd7 9. Nbd2 f6 10. b4 Bf5 11.
Bf1 O-O 12. b5 Na5 13. Nb3 Nc4 14. a4 b6 15. Bxc4 dxc4 16. Nbd2 Bd3 17. Nf1 Ng6 18.
Ne3 Rae8 19. Ba3 Bxa3 20. Rxa3 Nf4 21. Ra1 Re7 22. Qd2 Rfe8 23. Qa2 Kh8 24. Nxc4 Qg4 25. Ne3 Qh5 26. Qd2 Be4 27. Nf1 Nxg2 28. Rxe4 Qxf3 29. Rxe7 Rxe7 30. Ne3 Nf4 31. Re1 h5 32. c4 h4 33. d5 Re5 34. Kf1 Qh1# 0-1

[Event "Late-Titled-Tuesday-Blitz-March-05-2024"]
[Site "Chess.com"]
[Date "2024.03.05"]
[Round "4"]
[White "mac0504"]
[Black "VinzentSpitzl"]
[Result "1-0"]
[WhiteElo "2718"]
[BlackElo "2544"]
[TimeControl "180+1"]
[EndTime "14:38:36 PST"]
[Termination "mac0504 won by checkmate"]

1. c4 e6 2. g3 d5 3. Bg2 Nf6 4.
Nf3 Be7 5. b3 O-O 6. Bb2 c5 7. e3 Nc6 8. O-O d4 9. exd4 cxd4 10.
d3 Bc5 11. Re1 Re8 12. Na3 e5 13. Nc2 a5 14. a3 Bf5 15. Nh4 Bg4 16. Qd2 Qd6 17. h3 Bd7 18. Rab1 h6 19. Bc1 g5 20. Nf3 e4 21. dxe4 Nxe4 22. Rxe4 Rxe4 23. Nxg5 Re5 24.
Ne4 Qe7 25. Nxc5 Qxc5 26. Qxh6 Rae8 27. Bf4 Re2 28. Bd5 Qe7 29. Qg6+ Kh8 30. Bxf7 d3 31. Qh6# 1-0

[Event "Late-Titled-Tuesday-Blitz-March-05-2024"]
[Site "Chess.com"]
[Date "2024.03.05"]
[Round "4"]
[White "TheAlienParty"]
[Black "DraningWaterHi"]
[Result "0-1"]
[WhiteElo "2388"]
[BlackElo "2204"]
[TimeControl "180+1"]
[EndTime "14:38:36 PST"]
[Termination "DraningWaterHi won by checkmate"]

1. c4 Nf6 2. Nf3 g6 3. b3 Bg7 4. Bb2 O-O 5. g3 d6 6. Bg2 e5 7. d3 Nfd7 8. Qc2 f5 9. Nbd2 Nc6 10. O-O a5 11. a3 Nc5 12. Bc3 Bd7 13. Qb2 b6 14. d4 exd4 15. Nxd4 Nxd4 16. Bxd4 Bxd4 17.
Qxd4 Ra7 18. b4 Ne6 19. Qe3 Qf6 20. Bd5 Kg7 21. Bxe6 Qxe6 22. Qb3 Qxe2 23. Nf3 Qe7 24.
Rae1 Qf6 25. Re3 Be6 26. Rfe1 Bf7 27. Re7 axb4 28. axb4 Ra1 29. Rxc7 Rxe1+ 30. Nxe1 Qa1 31. Qe3 Kg8 32. Kg2 Re8 33. Re7 Rxe7 34. Qxe7 Bxc4 35. Qe8+ Kg7 36. Qd7+ Bf7 37. Nf3 Qf6 38. h4 h6 39.
b5 d5 40. Qc7 Kf8 41. Qb8+ Be8 42. Ne5 Qe6 43. Kg1 d4 44. Nc6 d3 45. Qxb6 Qd6 46.
Qe3 d2 47. Qxh6+ Kg8 48. Qe3 d1=Q+ 49. Kh2 Bxc6 50. bxc6 Qxc6 51. h5 Qdh1# 0-1

[Event "Late-Titled-Tuesday-Blitz-March-05-2024"]
[Site "Chess.com"]
[Date "2024.03.05"]
[Round "4"]
[White "Harry_Rakkel"]
[Black "guillembaches"]
[Result "1-0"]
[WhiteElo "2696"]
[BlackElo "2530"]
[TimeControl "180+1"]
[EndTime "14:38:37 PST"]
[Termination "Harry_Rakkel won on time"]

1. e4 d5 2. exd5 Qxd5 3. Nc3 Qa5 4. d4 Nf6 5. Bc4 Bg4 6. f3 Bd7 7. Qe2 Nc6 8. Be3 e6 9. O-O-O O-O-O 10. a3 Bxa3 11. bxa3 Qxc3 12. Kb1 Qxa3 13. Rd3 Qd6 14. Nh3 Na5 15. Ba2 Bb5 16. Ka1 Bxd3 17. Qxd3 Nd5 18. Bd2 Nc6 19. c3 Qa3 20. Qc2 Rd6 21. Rb1 Na5 22.
Ng5 Rf8 23. c4 Nb6 24. Bb4 Qe3 25. Nxh7 Qxd4+ 26. Bc3 Qc5 27. Nxf8 Nbxc4 28. Qa4 1-0

[Event "Late-Titled-Tuesday-Blitz-March-05-2024"]
[Site "Chess.com"]
[Date "2024.03.05"]
[Round "4"]
[White "manitodeplomo"]
[Black "Bilan_Danila"]
[Result "1-0"]
[WhiteElo "2721"]
[BlackElo "2545"]
[TimeControl "180+1"]
[EndTime "14:38:38 PST"]
[Termination "manitodeplomo won on time"]

1. d4 d5 2. c4 c6 3. Nf3 Nf6 4. Nc3 e6 5. Bg5 Nbd7 6. e3 Be7 7. Qc2 b6 8. O-O-O Bb7 9. Ne5 Nxe5 10. dxe5 Nd7 11. Bxe7 Qxe7 12. f4 f6 13. e4 fxe5 14.
exd5 exd5 15. cxd5 cxd5 16. Nxd5 Bxd5 17. Rxd5 O-O 18.
Bc4 Kh8 19. Rhd1 Nc5 20. Rxe5 Qf6 21. g3 Rad8 22. Rxd8 Rxd8 23. Qe2 g6 24. b4 Nd7 25. Re8+ Rxe8 26. Qxe8+ Nf8 27. Qf7 Qxf7 28. Bxf7 Kg7 29. Bd5 Kf6 30. Kd2 g5 31. fxg5+ Kxg5 32. Kd3 Kg4 33. Bg2 a5 34. bxa5 bxa5 35. Kc4 Ne6 36. Kb5 h5 37. Kxa5 Nd4 38. Kb6 Nc2 39. a4 Na3 40. Kc5 1-0